 Dungeon Crawl Stone Soup version 0.21.0-3-g78d12a8 (webtiles) character file.

102 Firecrotchwizard the Poker (level 4, 0/55 HPs)
             Began as a Merfolk Berserker on Jan 16, 2018.
             Was a Believer of Trog.
             Slain by an orc wizard
             ... wielding a +0 dagger
              (3 damage)
             ... on level 2 of the Dungeon.
             The game lasted 00:03:33 (1890 turns).

Firecrotchwizard the Poker (Merfolk Berserker)      Turns: 1890, Time: 00:03:34

Health: 0/55       AC:  4    Str: 22    XL:     4   Next: 77%
Magic:  11/13      EV: 14    Int:  6    God:    Trog [**....]
Gold:   129        SH:  0    Dex: 14    Spells: 3/3 levels left

rFire    + . .     SeeInvis .   a - +0 spear
rCold    + . .     Gourm    .   (no shield)
rNeg     . . .     Faith    .   g - +2 robe {rC+ rF+}
rPois    .         Spirit   .   (no helmet)
rElec    .         Reflect  .   (no cloak)
rCorr    .         Harm     .   (no gloves)
MR       ++...                  (no boots)
Stlth    ..........             (no amulet)
HPRegen  1.18/turn              o - ring of magical power {MP+9}
MPRegen  0.13/turn              (no ring)

@: berserking, regenerating, very quick
A: change form in water, swift swim, stealthy swim
a: Berserk, Trog's Hand, Burn Spellbooks, Renounce Religion


You were on level 2 of the Dungeon.
You worshipped Trog.
Trog was pleased with you.
You were very hungry.

You visited 1 branch of the dungeon, and saw 2 of its levels.

You collected 129 gold pieces.

Inventory:

Hand Weapons
 a - a +0 spear (weapon)
 f - a +1 dagger of venom
   (You found it on level 1 of the Dungeon)
Armour
 b - a +0 animal skin
 g - a +2 robe of resistance (worn)
   (You found it on level 1 of the Dungeon)
Jewellery
 o - a ring of magical power (left hand) {MP+9}
   (You found it on level 2 of the Dungeon)
Scrolls
 k - a scroll of identify {unknown}
Potions
 d - a potion of flight {unknown}
 e - 2 potions of heal wounds {unknown}
 h - 2 potions of haste {unknown}
 i - 2 potions of ambrosia {unknown}
 j - 2 potions of lignification {unknown}
 l - a potion of cancellation {unknown}
 m - a potion of mutation {unknown}
Comestibles
 c - 6 rations {@e1}
 n - 5 chunks of flesh {@w0}


   Skills:
 + Level 4.0 Fighting
 * Level 5.9 Polearms
 + Level 2.0 Armour
 + Level 3.7 Dodging


You had 3 spell levels left.
You didn't know any spells.

Dungeon Overview and Level Annotations

Branches:
Dungeon (2/15)

Altars:
Qazlal
The Shining One


Message History

Trog accepts your kill.
No target in view!
Things that are here:
a dagger; 4 stones; a kobold corpse You butcher the frilled lizard corpse.
n - 5 chunks of flesh {@w0} (gained 1)
Things that are here:
a dagger; 4 stones; a kobold corpse A worm comes into view.
The adder hisses angrily.
Health restored: 37 You start waiting.
You hit the adder. The adder misses you.
You barely miss the adder. The adder misses you. The adder barely misses you.
You barely miss the adder. The adder barely misses you.
You closely miss the adder. The adder barely misses you.
You miss the adder. The adder closely misses you.
You closely miss the adder. The adder barely misses you.
You hit the adder. The adder closely misses you.
You closely miss the adder. The adder barely misses you.
You miss the adder. The adder closely misses you.
You closely miss the adder. The adder barely misses you.
You barely miss the adder. The adder closely misses you.
You hit the adder.
You kill the adder!
Trog accepts your kill.
No target in view!
You feel your magic capacity increase.
o - a ring of magical power (left hand)
You start resting.
You regained 2 mp, and now have 6/13 mp.
You start resting.
You regained 2 mp, and now have 9/13 mp.
Attack whom?
Aim: an orc priest, wielding a flail and wearing a leather armour (hasn't noticed you)
You reach to attack!
You closely miss the orc priest.
The orc priest shouts!
You hear a shout! x2
You hit the orc priest but do no damage.
The orc priest looks braver for a moment.
You hit the orc priest but do no damage.
The orc priest hits you with a flail!
You take 9 damage, and have 28/37 hp.
MASSIVE DAMAGE!!
You barely miss the orc priest.
The orc priest hits you but does no damage.
You hit the orc priest. You closely miss the orc priest.
You barely miss the orc priest. The orc priest hits you with a flail.
You take 2 damage, and have 26/37 hp.
You hit the orc priest. The orc hits you with a hand axe.
The orc wizard mumbles some strange words.
The orc wizard flickers and vanishes!
Deactivating autopickup; reactivate with Ctrl-A.
You take 4 damage, and have 22/37 hp.
You hit the orc priest. The orc priest misses you. The orc closely misses you.
You barely miss the orc priest.
The orc priest calls down the wrath of Beogh upon you.
Beogh smites you! The orc hits you but does no damage.
You take 9 damage, and have 13/37 hp.
MASSIVE DAMAGE!!
Your skin crawls.
You feel resistant to hostile enchantments.
You feel somewhat more hungry. The orc closely misses you. Something hits you.
* * * LOW HITPOINT WARNING * * *
The orc priest misses you.
You take 3 damage, and have 10/37 hp.
A red film seems to cover your vision as you go berserk!
You feel yourself moving faster!
You feel mighty!
You are feeling very hungry.
The orc hits you with a hand axe.
* * * LOW HITPOINT WARNING * * *
The orc misses you. Something hits you.
* * * LOW HITPOINT WARNING * * *
You now have 14/55 hp.
You barely miss the orc priest. The orc priest hits you with a flail.
* * * LOW HITPOINT WARNING * * *
The orc hits you with a hand axe.
* * * LOW HITPOINT WARNING * * *
You take 7 damage, and have 7/55 hp.
You hit the orc priest. The orc hits you but does no damage.
Something hits you.
* * * LOW HITPOINT WARNING * * *
You take 3 damage, and have 4/55 hp.
You puncture the orc priest!
You kill the orc priest!
Trog accepts your kill.
Your Fighting skill increases to level 4!
Your Armour skill increases to level 2!
The orc hits you but does no damage.
You closely miss something. The orc barely misses you. Something hits you.
* * * LOW HITPOINT WARNING * * *
You take 2 damage, and have 3/55 hp.
You miss something. The orc hits you but does no damage.
You miss something. Something hits you.
* * * LOW HITPOINT WARNING * * *
The orc misses you.
You take 2 damage, and have 2/55 hp.
You barely miss something. The orc barely misses you.
You closely miss something. Something hits you.
You die...

#....o... #...........
..........# #...8...8..#
..........## #.........##
........#..# #..#########
........##.## #...........
........##..# #.######....
........###†####.######....
.....(..###o(.........[....
........##@)...............
........){o..........≈.....
.............≈.§......§....
#######......§...§≈≈≈§.....
#.....≈#≈§##≈≈..§....
#....≈≈#≈≈§§#≈≈......
#....§≈≈≈§§≈.........
#....§≈#≈>_≈≈........
#......#≈≈ ≈#........


You could see 2 orcs.

Vanquished Creatures
  An orc priest (D:2)
  3 adders (D:2)
  2 worms (D:2)
  A leopard gecko (D:1)
  An orc (D:2)
  3 giant cockroaches
  5 goblins
  8 jackals (D:1)
  4 kobolds
  A quokka (D:2)
  3 bats
  3 frilled lizards (D:2)
  4 rats
39 creatures vanquished.

Notes
Turn   | Place    | Note
-------+----------+-------------------------------------------
     0 | D:1      | Firecrotchwizard the Merfolk Berserker began the quest for the Orb.
     0 | D:1      | Reached XP level 1. HP: 18/18 MP: 1/1
   152 | D:1      | Reached XP level 2. HP: 11/24 MP: 2/2
   159 | D:1      | Reached skill level 3 in Dodging
   468 | D:1      | Reached skill level 5 in Polearms
   737 | D:1      | Reached XP level 3. HP: 29/29 MP: 3/3
   743 | D:1      | Reached ** piety under Trog
  1381 | D:2      | Found a glowing golden altar of the Shining One.
  1662 | D:2      | Reached XP level 4. HP: 33/37 MP: 4/4
  1777 | D:2      | Found a stormy altar of Qazlal.
  1883 | D:2      | HP: 9/55 [orc priest/flail (5)]
  1884 | D:2      | HP: 4/55 [something (4)]
  1885 | D:2      | Reached skill level 4 in Fighting
  1885 | D:2      | Reached skill level 2 in Armour
  1890 | D:2      | Slain by an orc wizard

Skill      XL: |  1  2  3  4 |
---------------+-------------+-----
Dodging        | 3 |  3.7
Polearms       | 5 |  5.9
Fighting       | 4 |  4.0
Armour         | 2 |  2.0

Action                   |  1- 3 |  4- 6 || total
-------------------------+-------+-------++-------
Melee: Spear             |   144 |    44 ||   188
Invok: Berserk           |     2 |     1 ||     3
       Burn Spellbooks   |     1 |       ||     1
       Trog's Hand       |       |     1 ||     1
 Stab: Sleeping          |     2 |       ||     2
  Eat: Chunk             |     3 |     2 ||     5
Armor: Animal skin       |     3 |       ||     3
       Robe              |    15 |     4 ||    19
Dodge: Dodged            |    70 |    25 ||    95

Vault maps used:
D:1:      evilmike_arrival_home_sweet_home
D:2:      cheibrodos_pilgrimage, tso_altar, nicolae_qazlal_general_emergency,
          first_ration

Table legend:
 A = Turns spent in this place as a percentage of turns spent in the entire game.
 B = Non-inter-level travel turns spent in this place as a percentage of non-inter-level travel turns spent in the entire game.
 C = Inter-level travel turns spent in this place as a percentage of turns spent in this place.
 D = Turns resting spent in this place as a percentage of non-inter-level travel turns spent in this place.
 E = Turns spent auto-exploring this place as a percentage of non-inter-level travel turns spent in this place.
 F = Non-inter-level travel turns spent in this place divided by the number of levels of this place that you've seen.
                   A       B       C       D       E      F
               +-------+-------+-------+-------+-------+----------------------
         Total | 100.0 | 100.0 |   1.2 |  27.0 |  53.1 | 934.0
       Dungeon | 100.0 | 100.0 |   1.2 |  27.0 |  53.1 | 934.0
               +-------+-------+-------+-------+-------+----------------------

Table legend:
 A = Kills in this place as a percentage of kills in entire the game.
 B = Kills by you in this place as a percentage of kills by you in the entire game.
 C = Kills by friends in this place as a percentage of kills by friends in the entire game.
 D = Other kills in this place as a percentage of other kills in the entire game.
 E = Experience gained in this place as a percentage of experience gained in the entire game.
 F = Experience gained in this place divided by the number of levels of this place that you have seen.
                   A       B       C       D       E      F
               +-------+-------+-------+-------+-------+----------------------
         Total | 100.0 | 100.0 |   N/A |   N/A | 100.0 |  73.0
       Dungeon | 100.0 | 100.0 |   N/A |   N/A | 100.0 |  73.0
               +-------+-------+-------+-------+-------+----------------------
